AoeStats
← niklas

Oasis

509701700Analyzed
2v2 RM · 6d ago on Sep 27, 2026· 24m 44s· 4 players
Game mode
Random Map
Map size
Medium (4 player)
Population
200
Speed
Normal
Resources
Standard
Victory
Conquest
Starting age
Dark Age
Ending age
Imperial Age
RankedLock teamsTeams togetherTeam positionsShared explorationLock speedFull tech treeHidden civsTurbo modeCheats
Victory
Defeat
🇹🇷 Koreans · Türkiye
861
+13
🇹🇷 Ethiopians · Türkiye
807
+16
🇩🇪 Portuguese · Germany
816
-15
🇩🇪 Spanish · Germany
788
-14
niklas
7:41 Loom
11:26 Feudal Age
16:34 Castle Age
20:30 Horse Collar
22:15 Double-Bit Axe
25:22 Wheelbarrow
flixy
9:00 Loom
12:18 Feudal Age
16:20 Castle Age
14:08 Town Watch
14:59 Wheelbarrow
14:14 Double-Bit Axe
14:12 Horse Collar
15:00 Stone Mining
18:33 Stone Shaft Mining
20:24 Gold Mining
bıyık
10:56 Feudal Age
11:08 Man-at-Arms
14:10 Loom
15:41 Horse Collar
21:03 Castle Age
19:48 Fletching
19:49 Double-Bit Axe
21:18 Elite Skirmisher
22:12 Bodkin Arrow
FETALDNATESTİ
11:12 Feudal Age
10:54 Loom
16:08 Castle Age
15:37 Man-at-Arms
19:43 Long Swordsman
21:53 Fletching
Connection lost

Rejoining the realm…

Still unreachable

The connection could not be restored.

Session expired

The server has moved on; the page needs a fresh start.